 Dungeon Crawl Stone Soup version 0.25-a0-290-g4a1327e (webtiles) character file.

Game seed: 14577077826590747046, levelgen mode: deterministic

343 15 the Chiller (level 6, -2/42 HPs)
             Began as a Merfolk Ice Elementalist on Dec 13, 2019.
             Slain by a gnoll (5 damage)
             ... on level 3 of the Dungeon on Dec 15, 2019.
             The game lasted 00:18:22 (3203 turns).

15 the Chiller (Merfolk Ice Elementalist)           Turns: 3203, Time: 00:18:23

Health: -2/42      AC:  8    Str: 10    XL:     6   Next: 57%
Magic:  4/10       EV: 14    Int: 14    God:
Gold:   214        SH:  0    Dex: 15    Spells: 3/11 levels left

rFire    . . .     SeeInvis .   g - +1 scythe
rCold    . . .     Gourm    .   (shield currently unavailable)
rNeg     . . .     Faith    .   a - +0 robe
rPois    .         Spirit   .   (no helmet)
rElec    .         Reflect  .   (no cloak)
rCorr    .         Harm     .   (no gloves)
MR       .....                  (no boots)
Stlth    ++........             (no amulet)
HPRegen  0.14/turn              (no ring)
MPRegen  0.12/turn              (no ring)

@: icy armour
A: change form in water, swift swim, stealthy swim
a: no special abilities


You were on level 3 of the Dungeon.
You were not hungry.

You visited 1 branch of the dungeon, and saw 3 of its levels.

You collected 214 gold pieces.

Inventory:

Hand Weapons
 g - a +1 scythe (weapon)
 i - a +1 flail of protection
Missiles
 d - 61 stones (quivered)
Armour
 a - a +0 robe (worn)
Scrolls
 b - 3 scrolls of teleportation
 k - a scroll of noise {unknown}
 l - a scroll of random uselessness {unknown}
 m - a scroll of fog {unknown}
 n - a scroll of remove curse {unknown}
 q - a scroll of amnesia {unknown}
 s - 2 scrolls of magic mapping {unknown}
Potions
 e - a potion of lignification {unknown}
 h - 2 potions of berserk rage
 j - a potion of flight {unknown}
 o - 3 potions of resistance {unknown}
 p - 2 potions of brilliance
 r - 2 potions of degeneration {unknown}
Comestibles
 c - 9 rations
 f - 3 chunks of flesh


   Skills:
 + Level 0.7 Fighting
   Level 2.0 Short Blades
 * Level 1.6 Polearms
 * Level 3.6 Dodging
 * Level 3.2 Stealth
 + Level 3.1 Spellcasting
 * Level 0.4 Conjurations
 * Level 1.8 Charms
 * Level 6.0 Ice Magic


You had 3 spell levels left.
You knew the following spells:

 Your Spells              Type           Power        Failure   Level  Hunger
a - Freeze                Ice            ###.         1%          1    #......
b - Ozocubu's Armour      Chrm/Ice       ##......     12%         3    ###....
c - Hailstorm             Conj/Ice       ##......     50%         4    #####..

Your spell library contained the following spells:

 Spells                   Type           Power        Failure   Level  Hunger
 Summon Ice Beast         Ice/Summ       ##......     52%         4    #####..


Dungeon Overview and Level Annotations

Branches:
Dungeon (3/15)

Altars:

Annotations:
D:3 Terence


Message History

Press: ? - help, Shift-Dir - straight line, f/p - gnoll
Aim: a gnoll (heavily wounded)
You freeze the gnoll.
The gnoll is almost dead.
The gnoll hits you!
* * * LOW HITPOINT WARNING * * *
Casting: Freeze (safe; 1% risk of failure)
Confirm with . or Enter, or press ? or * to list all spells.
A film of ice covers your body! The gnoll misses you.
You barely miss the gnoll.
The gnoll is almost dead.
The gnoll hits you!
* * * LOW HITPOINT WARNING * * *
The gnoll barely misses you.
You closely miss the gnoll.
The gnoll is almost dead.
The gnoll hits you.
* * * LOW HITPOINT WARNING * * *
The gnoll hits you.
You die...

#............####.#.#
#.#
#.>.............#.#.#
#.#
#...#####..#.##.#.#.#
######.# ###.#
#..#.##.#.#)# #......#
#.# #..#.##.#.#.#
#.###### #.#
#..#.##.#.#.###.# #.#
#..#....#.#.....#
#.#####..######.#######
#.#........)@g.........
#.#.###########.#######
#.#.# #.# #####.#.# #.#
......#.# #.# #######.#
#.# # #.# #)# # #.# #.#
# #.# #.#########


You could see a gnoll.

Vanquished Creatures
  Sigmund (D:2)
  Jessica (D:2)
  3 gnolls (D:3)
  6 adders
  A worm (D:2)
  A dart slug (D:1)
  4 leopard geckos
  3 orcs (D:3)
  A ball python (D:3)
  6 bats
  5 giant cockroaches
  8 goblins
  7 hobgoblins (D:1)
  3 jackals
  3 quokkas
  2 frilled lizards (D:1)
  10 kobolds
  3 rats
68 creatures vanquished.

Notes
Turn   | Place    | Note
-------+----------+-------------------------------------------
     0 | D:1      | 15 the Merfolk Ice Elementalist began the quest for the
                  | Orb.
     0 | D:1      | Reached XP level 1. HP: 13/13 MP: 3/3
   148 | D:1      | Reached XP level 2. HP: 11/19 MP: 0/5
   286 | D:1      | Reached skill level 5 in Ice Magic
   645 | D:1      | Reached XP level 3. HP: 19/24 MP: 6/6
   670 | D:1      | Learned a level 3 spell: Ozocubu's Armour
  1234 | D:2      | Noticed Sigmund
  1250 | D:2      | Killed Sigmund
  1250 | D:2      | Reached skill level 1 in Short Blades
  1250 | D:2      | Reached skill level 1 in Charms
  1250 | D:2      | Reached XP level 4. HP: 15/30 MP: 0/8
  1250 | D:2      | Reached XP level 5. HP: 17/35 MP: 0/9
  1256 | D:2      | Learned a level 4 spell: Hailstorm
  1369 | D:2      | Noticed Jessica
  1375 | D:2      | Killed Jessica
  1442 | D:2      | Reached XP level 6. HP: 28/41 MP: 10/10
  1633 | D:2      | Reached skill level 6 in Ice Magic
  2243 | D:3      | Reached skill level 1 in Polearms
  2246 | D:3      | Noticed Terence
  3203 | D:3      | Slain by a gnoll

Levels and vault maps discovered:
D:1:      minmay_arrival_doors, layout_basic, st_stairs_6
D:2:      minmay_skewed_foursquare, layout_basic, nrook_loot_triangle,
          kennysheep_pointless_box, uniq_jessica, uniq_sigmund
D:3:      layout_basic, grunt_temple_overflow_open, uniq_terence

Skill      XL: |  1  2  3  4  5  6 |
---------------+-------------------+-----
Ice Magic      | 5 6 |  6.0
Short Blades   | 1 2 |  2.0
Dodging        | 3 |  3.6
Spellcasting   | 3 |  3.1
Charms         | 1 |  1.8
Stealth        | 3 |  3.2
Polearms       | 1 |  1.6
Fighting       | |  0.7
Conjurations   | |  0.4

Action                   |  1- 3 |  4- 6 || total
-------------------------+-------+-------++-------
Melee: Mace              |     7 |       ||     7
       Short sword       |    41 |       ||    41
       Scythe            |       |    74 ||    74
 Cast: Freeze            |    29 |    43 ||    72
       Ozocubu's Armour  |     3 |     5 ||     8
  Use: Scroll            |     4 |     2 ||     6
       Potion            |     2 |       ||     2
 Stab: Sleeping          |     3 |     7 ||    10
       Distracted        |       |     1 ||     1
  Eat: Chunk             |     2 |     7 ||     9
Armor: Robe              |    11 |    23 ||    34
Dodge: Dodged            |    42 |    94 ||   136

Table legend:
 A = Non-vault XP
 B = Vault XP
 C = Vault XP percentage of total XP
 D = Non-vault monster count
 E = Vault monster count
 F = Vault count percentage of total count
                 A         B        C        D         E       F
            +---------+---------+-------+---------+---------+-------
      Total |     223 |     267 |  54.5 |      62 |       6 |   8.8
            +---------+---------+-------+---------+---------+-------
        D:1 |      49 |       1 |   2.0 |      27 |       1 |   3.6
        D:2 |      75 |     266 |  78.0 |      15 |       5 |  25.0
        D:3 |      99 |       0 |   0.0 |      20 |       0 |   0.0
            +---------+---------+-------+---------+---------+-------
